 Dungeon Crawl Stone Soup version 0.31-a0-640-g39d97e502b (webtiles) character file.

Game seed: 163592423004618712

335 qw the Shooter (level 6, 0/38 HPs)
             Began as a Gargoyle Hunter on Aug 27, 2023.
             Slain by a gnoll
             ... wielding a +0 whip
              (5 damage)
             ... on level 4 of the Dungeon.
             The game lasted 00:01:06 (2476 turns).

qw the Shooter (Gargoyle Hunter)                    Turns: 2476, Time: 00:01:07

Health: 0/38       AC:  9    Str: 14    XL:     6   Next: 53%
Magic:  6/6        EV: 11    Int: 10    God:
Gold:   260        SH:  0    Dex: 15    Spells: 5/5 levels left

rFire   . . .        Y - +1 shortbow
rCold   . . .        (shield currently unavailable)
rNeg    + . .        c - +0 leather armour
rPois   inf          (no helmet)
rElec   +            b - +0 cloak
rCorr   .            (no gloves)
SInv    .            (no boots)
Will    .....        (no amulet)
Stlth   ++           (no ring)
HPRegen 0.26/turn    (no ring)
MPRegen 0.10/turn

%: no passive effects
@: no status effects
A: sickness immunity, AC +4, negative energy resistance 1, electricity
resistance, torment resistance 1, petrification resistance
a: no special abilities


You were on level 4 of the Dungeon.
You visited 1 branch of the dungeon, and saw 4 of its levels.

You collected 260 gold pieces.


Innate Abilities, Weirdness & Mutations

You are immune to sickness and miasma.
Your stone body is resilient. (AC +4)
You are immune to poison.
You resist negative energy. (rN+)
You are resistant to electric shocks. (rElec)
You are resistant to unholy torment.
You are immune to petrification.


   Skills:
 - Level 4.0 Fighting
 + Level 6.0 Ranged Weapons
 - Level 3.4 Armour
 - Level 1.5 Dodging
 - Level 1.1 Stealth


You had 5 spell levels left.
You didn't know any spells.
Your spell library was empty.

Inventory:

Hand Weapons
 Y - a +1 shortbow (weapon)
Armour
 a - a +0 helmet
 b - a +0 cloak (worn)
 c - a +0 leather armour (worn)
Scrolls
 f - a scroll of identify
 l - a scroll of enchant armour {unknown}
Potions
 d - a potion of magic {unknown}
 e - a potion of ambrosia {unknown}
 g - 3 potions of curing
 h - a potion of resistance {unknown}
 j - 2 potions of enlightenment
 k - a potion of degeneration {unknown}

Dungeon Overview and Level Annotations

Branches:
Dungeon (4/15)
 Temple: D:4-7

Altars:
Ashenzari

Annotations:
D:2 1 runed translucent door, Crazy Yiuf


Message History

The gnoll barely misses you. The quokka closely misses you.
You shoot an arrow. The arrow hits the quokka.
You kill the quokka!
The gnoll completely misses you. The gnoll barely misses you. x2
You shoot an arrow. The arrow barely misses the gnoll.
The gnoll hits you with a +0 whip. The gnoll barely misses you.
The gnoll hits you with a +0 spear.
The gnoll hits you from afar with a +0 halberd.
You shoot an arrow. The arrow hits the gnoll!
The gnoll is almost dead.
The gnoll barely misses you. The gnoll hits you with a +0 whip.
The gnoll hits you but does no damage. The gnoll misses you.
You shoot an arrow. The arrow hits the gnoll.
You kill the gnoll!
The gnoll closely misses you. The gnoll hits you with a +0 whip.
The gnoll closely misses you.
Your Fighting skill increases to level 4!
2472 ||| DRINKING potion of heal wounds.
You feel much better. The gnoll hits you with a +0 whip.
The gnoll hits you but does no damage. The gnoll barely misses you.
The gnoll hits you but does no damage.
You shoot an arrow. The arrow barely misses the gnoll.
The gnoll misses you. The gnoll hits you with a +0 whip.
The gnoll hits you from afar with a +0 halberd.
The gnoll barely misses you. The gnoll hits you but does no damage.
The gnoll hits you with a +0 whip. The gnoll closely misses you.
The gnoll barely misses you.
You shoot an arrow. The arrow hits the gnoll.
The gnoll is moderately wounded.
The gnoll completely misses you. The gnoll hits you but does no damage.
The gnoll hits you from afar with a +0 halberd.
The gnoll hits you with a +0 spear.
You shoot an arrow. The arrow hits the gnoll!
You kill the gnoll!
The gnoll hits you but does no damage. The gnoll closely misses you.
The gnoll hits you from afar with a +0 halberd!
You shoot an arrow. The arrow hits the gnoll.
The gnoll is lightly wounded.
The gnoll hits you with a +0 whip.
You die...

...## ###. ...<# #
##....# ....# ##.
##.....
......#...#.....##
..........#......#
......g..........#
.................##
......#.....).ggg)#
......#........#@.#
.......g.....g#####
.. #¤g.¤...g.¤.#
####..........##
..#...........#
.g.....¤g..$..#.
###¤.........g...
##..?####.¤.###..
....## ###..#


You could see 3 gnolls.

Vanquished Creatures
  Duvessa (D:4)
  Dowan (D:4)
  7 gnolls
  5 adders
  A worm (D:2)
  2 dart slugs (D:1)
  An orc (D:3)
  5 bats
  6 endoplasms
  4 giant cockroaches
  2 goblins
  3 hobgoblins
  8 jackals
  4 kobolds
  4 quokkas
  6 ball pythons
  5 rats
65 creatures vanquished.

Notes
Turn   | Place    | Note
-------+----------+-------------------------------------------
     0 | D:1      | qw the Gargoyle Hunter began the quest for the Orb.
     0 | D:1      | Reached XP level 1. HP: 12/12 MP: 1/1
     0 | D:1      | 0 ||| qw: Version: 0.3-a-74-g0d5e918
     0 | D:1      | 0 ||| qw: Game counter: 33
     0 | D:1      | 0 ||| qw: Melee chars always use a shield: true
     0 | D:1      | 0 ||| qw: God list: Okawaru
     0 | D:1      | 0 ||| qw: Allow faded altars: false
     0 | D:1      | 0 ||| qw: Do Orc after clearing Dungeon:15 true
     0 | D:1      | 0 ||| qw: Do second Lair branch before Depths: true
     0 | D:1      | 0 ||| qw: Lair rune preference: random
     0 | D:1      | 0 ||| qw: Goals: Normal
     0 | D:1      | 0 ||| PLANNING D:1-11
   356 | D:1      | Reached XP level 2. HP: 17/17 MP: 2/2
   385 | D:1      | Reached XP level 3. HP: 21/21 MP: 3/3
   586 | D:1      | Reached skill level 5 in Ranged Weapons
   679 | D:1      | 679 ||| DROPPING amulet of magic regeneration.
   680 | D:1      | 680 ||| READING scroll labelled INACYTZOLU.
   683 | D:1      | 683 ||| READING 2 scrolls labelled WEMIAGIOKU.
   684 | D:1      | 684 ||| READING scroll labelled GABLER TONT.
   685 | D:1      | 685 ||| DROPPING scroll of butterflies.
   710 | D:2      | Identified the +1 spear of Vanity {flame, +Blink MP+9 Int+2
                  | Dex+4}
   734 | D:2      | Found a broken altar of Ashenzari.
   878 | D:2      | 878 ||| Stepping ~*~*~tactically~*~*~ (retreating).
   879 | D:2      | 879 ||| Stepping ~*~*~tactically~*~*~ (retreating).
   880 | D:2      | 880 ||| Stepping ~*~*~tactically~*~*~ (retreating).
   881 | D:2      | 881 ||| RETREATING.
   886 | D:2      | Reached skill level 3 in Fighting
   887 | D:2      | HP: 5/23 [gnoll/+0 flail (3)]
   889 | D:2      | Reached XP level 4. HP: 6/28 MP: 4/4
   889 | D:2      | HP: 1/28 [gnoll/+0 flail (6)]
  1048 | D:2      | Found a faded altar of an unknown god.
  1251 | D:2      | Found a runed translucent door.
  1252 | D:2      | Noticed Crazy Yiuf
  1255 | D:2      | 1255 ||| UPGRADING to +0 cloak.
  1260 | D:2      | 1260 ||| READING scroll labelled RASEALOPHU.
  1261 | D:2      | 1261 ||| READING scroll labelled TETOTINAIX.
  1262 | D:2      | 1262 ||| DRINKING 3 metallic white potions.
  1263 | D:2      | 1263 ||| READING 2 scrolls of identify.
  1263 | D:2      | 1263 ||| IDENTIFYING silvery potion
  1492 | D:3      | Reached XP level 5. HP: 31/32 MP: 5/5
  1690 | D:3      | Identified the +1 mace of the Land of Plenty {speed, *Noise
                  | rF++ rN+}
  1739 | D:3      | Reached skill level 6 in Ranged Weapons
  2087 | D:3      | 2087 ||| READING 2 scrolls labelled GIOVERRIET.
  2088 | D:3      | 2088 ||| DRINKING 2 lumpy dark potions.
  2125 | D:3      | 2125 ||| DRINKING 3 bubbling silvery potions.
  2126 | D:3      | 2126 ||| DROPPING scroll of amnesia.
  2127 | D:3      | 2127 ||| DROPPING potion of lignification.
  2180 | D:4      | Noticed Duvessa
  2181 | D:4      | Noticed Dowan
  2182 | D:4      | 2182 ||| RETREATING.
  2193 | D:4      | 2193 ||| Stepping ~*~*~tactically~*~*~ (retreating).
  2194 | D:4      | 2194 ||| Stepping ~*~*~tactically~*~*~ (retreating).
  2195 | D:4      | 2195 ||| Stepping ~*~*~tactically~*~*~ (retreating).
  2196 | D:4      | 2196 ||| Stepping ~*~*~tactically~*~*~ (retreating).
  2197 | D:4      | 2197 ||| Stepping ~*~*~tactically~*~*~ (retreating).
  2201 | D:4      | 2201 ||| Stepping ~*~*~tactically~*~*~ (retreating).
  2202 | D:4      | Killed Duvessa
  2203 | D:4      | Reached skill level 3 in Armour
  2203 | D:4      | Reached XP level 6. HP: 26/37 MP: 6/6
  2216 | D:4      | Killed Dowan
  2447 | D:4      | 2447 ||| Stepping ~*~*~tactically~*~*~ (retreating).
  2465 | D:4      | 2465 ||| Stepping ~*~*~tactically~*~*~ (outnumbered).
  2471 | D:4      | HP: 6/38 [gnoll/+0 whip (4)]
  2472 | D:4      | 2472 ||| DRINKING potion of heal wounds.
  2476 | D:4      | Slain by a gnoll

Levels and vault maps discovered:
D:1:      heliophobic_arrival_ceremonial_halls, layout_loops_ring
D:2:      layout_rooms, shapermc_ecumenical_altar_mp_highgroup, basic_altar,
          uniq_crazy_yiuf_cottage
D:3:      layout_basic, dk_vineyard_1
D:4:      layout_cave_pools, uniq_duvessa

Skill      XL: |  1  2  3  4  5  6 |
---------------+-------------------+-----
Ranged Weapons | 5 6 |  6.0
Fighting       | 3 4 |  4.0
Armour         | 3 |  3.4
Dodging        | |  1.5
Stealth        | |  1.1

Action                     |  1- 3 |  4- 6 || total
---------------------------+-------+-------++-------
   Fire: Shortbow          |    74 |   166 ||   240
    Use: Scroll            |     3 |     4 ||     7
         Potion            |       |     4 ||     4
 Armour: Leather armour    |     9 |    51 ||    60
  Dodge: Dodged            |    13 |    77 ||    90

Table legend:
 A = Non-vault XP
 B = Vault XP
 C = Vault XP percentage of total XP
 D = Non-vault monster count
 E = Vault monster count
 F = Vault count percentage of total count
                 A         B        C        D         E       F
            +---------+---------+-------+---------+---------+-------
      Total |     263 |     216 |  45.1 |      63 |       2 |   3.1
            +---------+---------+-------+---------+---------+-------
        D:1 |      40 |       0 |   0.0 |      13 |       0 |   0.0
        D:2 |      96 |       0 |   0.0 |      24 |       0 |   0.0
        D:3 |      61 |       0 |   0.0 |      16 |       0 |   0.0
        D:4 |      66 |     216 |  76.6 |      10 |       2 |  16.7
            +---------+---------+-------+---------+---------+-------
